 Dungeon Crawl Stone Soup version 0.20.1-1-g8b1a95d (webtiles) character file.

30 Gargoyl the Skirmisher (level 3, -7/34 HPs)
             Began as a Minotaur Abyssal Knight on Aug 21, 2017.
             Was a Follower of Lugonu.
             Mangled by Sigmund
             ... wielding a +0 scythe
              (11 damage)
             ... on level 2 of the Dungeon.
             The game lasted 00:02:07 (984 turns).

Gargoyl the Skirmisher (Minotaur Abyssal Knight)     Turns: 984, Time: 00:02:08

Health: -7/34      AC:  5    Str: 16    XL:     3   Next: 3%
Magic:  3/3        EV: 11    Int:  9    God:    Lugonu [*.....]
Gold:   61         SH:  0    Dex: 10    Spells: 2/2 levels left

rFire    . . .     SeeInvis .   a - +2 hand axe
rCold    . . .     Gourm    .   (no shield)
rNeg     . . .     Faith    .   b - +0 leather armour
rPois    .         Spirit   .   (helmet restricted)
rElec    .         Reflect  .   (no cloak)
rCorr    .         Harm     .   f - +1 pair of gloves
MR       .....                  (no boots)
Stlth    ..........             (no amulet)
Regen    0.2/turn               (no ring)
MPRegen  0.1/turn               (no ring)

@: confused
A: retaliatory headbutt, horns 2
a: Depart the Abyss, Renounce Religion


You were on level 2 of the Dungeon.
You worshipped Lugonu.
Lugonu was aware of your devotion.
You were not hungry.

You visited 1 branch of the dungeon, and saw 2 of its levels.
You visited the Abyss 1 time.

You collected 61 gold pieces.

Inventory:

Hand Weapons
 a - a +2 hand axe (weapon)
Missiles
 h - 5 javelins of returning (quivered)
Armour
 b - a +0 leather armour (worn)
 f - a +1 pair of gloves (worn)
Wands
 k - a wand of digging (9/24)
Scrolls
 d - 4 scrolls of recharging {unknown}
 g - a scroll of remove curse
 j - 2 scrolls of random uselessness {unknown}
Potions
 e - 2 potions of brilliance
Comestibles
 c - a bread ration
 i - 4 fruits
 l - 2 chunks of flesh


   Skills:
 + Level 4.3 Fighting
 + Level 2.8 Axes
 * Level 2.6 Armour
 + Level 1.3 Dodging
 * Level 2.2 Invocations


You had 2 spell levels left.
You didn't know any spells.

Dungeon Overview and Level Annotations

Branches:
Dungeon (2/15)

Altars:

Annotations:
D:2 Sigmund


Innate Abilities, Weirdness & Mutations

You reflexively headbutt those who attack you in melee.
You have a pair of horns on your head.


Message History

Deactivating autopickup; reactivate with Ctrl-A.
You completely miss something. Your headbutt misses something.
Something hits you.
You feel less confused.
You hear some strange, mumbled words.
You are confused.
You hear some strange, mumbled words.
You are more confused.
Something hits you! Something hits you.
You completely miss something. Your headbutt misses something.
Something hits you!
* * * LOW HITPOINT WARNING * * *
Okay, then.
Something hits you.
* * * LOW HITPOINT WARNING * * *
You miss something. Something barely misses you.
You barely miss something. Something hits you but does no damage.
You're too confused to move!
Something hits you!
You die...

. #...#....# ..#
#......##
...######........
#....##...###...
##.....######..
#..............
######<........###..
#......$##..##.#
#..@...##..###...
#...{####.## ##....
#....####.### ...##
#............ .### .
####...##### .#
....##...#...#
..%......#...#
......$### ....
.....## ..##


There were no monsters in sight!

Vanquished Creatures
  2 oozes (D:1)
  A worm (D:1)
  3 giant cockroaches
  3 hobgoblins
  2 kobolds (D:1)
  2 bats
  3 frilled lizards (D:1)
  A goblin (D:1)
  2 rats (D:1)
19 creatures vanquished.

Notes
Turn   | Place    | Note
-------+----------+-------------------------------------------
     0 | Abyss:1  | Gargoyl the Minotaur Abyssal Knight began the quest for the Orb.
     0 | Abyss:1  | Reached XP level 1. HP: 19/19 MP: 1/1
   149 | Abyss:1  | Noticed a spatial vortex
   149 | Abyss:1  | Noticed a spatial vortex
   149 | Abyss:1  | Noticed a spatial vortex
   149 | Abyss:1  | Noticed a spatial vortex
   149 | Abyss:1  | Noticed a spatial vortex
   150 | D:1      | Escaped the Abyss
   337 | D:1      | Reached skill level 4 in Fighting
   337 | D:1      | Reached XP level 2. HP: 24/27 MP: 2/2
   882 | D:2      | Reached * piety under Lugonu
   906 | D:2      | Noticed Sigmund
   960 | D:1      | Reached XP level 3. HP: 34/34 MP: 3/3
   984 | D:2      | Mangled by Sigmund

Skill      XL: |  1  2 |
---------------+-------+-----
Fighting       | 4 |  4.3
Invocations    | 2 |  2.2
Axes           | |  2.8
Armour         | |  2.6
Dodging        | |  1.3

Action                   || total
-------------------------++-------
Melee: Hand axe          ||    48
       Headbutt          ||     5
Invok: Depart the Abyss  ||     1
  Use: Scroll            ||     6
Armor: Leather armour    ||    20
Dodge: Dodged            ||    24
